 Dungeon Crawl Stone Soup version 0.21.1-1-g345015f (webtiles) character file.

56 Monsterracer the Ducker (level 3, -9/19 HPs)
             Began as a Spriggan Chaos Knight on Apr 25, 2018.
             Mangled by a gnoll
             ... wielding a +0 flail
              (12 damage)
             ... on level 2 of the Dungeon.
             The game lasted 00:03:51 (1759 turns).

Monsterracer the Ducker (Spriggan Chaos Knight)     Turns: 1759, Time: 00:03:51

Health: -9/19      AC:  6    Str:  9    XL:     3   Next: 69%
Magic:  4/4        EV: 19    Int: 13    God:    Xom [.....*]
Gold:   87         SH:  0    Dex: 15    Spells: 2/2 levels left

rFire    + . .     SeeInvis +   a - +0 short sword (chaos)
rCold    . . .     Gourm    .   (shield restricted)
rNeg     . . .     Faith    .   j - +2 robe
rPois    .         Spirit   .   f - +2 hat
rElec    .         Reflect  .   (no cloak)
rCorr    .         Harm     .   (gloves unavailable)
MR       .....                  (boots unavailable)
Stlth    ++........             (no amulet)
HPRegen  0.06/turn              k - ring of protection from fire {!d}
MPRegen  0.09/turn              (no ring)

@: death channel, very quick
A: very small, unfitting armour, see invisible, herbivore, speed 3, slow
metabolism 2
a: Renounce Religion


You were on level 2 of the Dungeon.
You worshipped Xom.
You were Xom's teddy bear.
You were not hungry.

You visited 1 branch of the dungeon, and saw 2 of its levels.

You collected 87 gold pieces.

Inventory:

Hand Weapons
 a - a +0 short sword of chaos (weapon)
 b - a +0 hunting sling
 w - a +0 dagger
Missiles
 e - 17 stones (quivered)
Armour
 f - a +2 hat (worn)
 j - a +2 robe (worn)
Jewellery
 k - a ring of protection from fire (left hand) {!d}
Potions
 d - 2 potions of agility {unknown}
 g - a potion of ambrosia {unknown}
 h - 2 potions of curing
 i - a potion of resistance {unknown}
 l - a potion of degeneration {unknown}
Comestibles
 c - a ration


   Skills:
 + Level 2.7 Fighting
 * Level 4.1 Short Blades
 + Level 0.3 Slings
 + Level 4.2 Dodging
 + Level 2.1 Stealth


You had 2 spell levels left.
You didn't know any spells.

Dungeon Overview and Level Annotations

Branches:
Dungeon (2/15)

Altars:
Gozag

Shops:
D:2 *


Innate Abilities, Weirdness & Mutations

You are very small and have problems with some larger weapons.
You are too small for most types of armour.
You have supernaturally acute eyesight. (SInv)
You are a herbivore.
You cover ground extremely quickly.
You need consume almost no food.


Message History

You barely miss the worm.
The worm is almost dead.
The worm bites you!
* * * LOW HITPOINT WARNING * * *
You take 8 damage, and have 7/19 hp.
MASSIVE DAMAGE!!
You hit the worm.
The worm looks as sick as possible!
The worm is almost dead.
You kill the worm!
Your Short Blades skill increases to level 4!
Things that are here:
a trident; a kobold corpse You see here a +0 dagger.
A worm is nearby!
You start resting.
You don't know any spells.
You start resting.
You start resting.
You hit the worm.
The worm appears confused.
The worm is moderately wounded.
You hit the worm but do no damage.
The worm seems to speed up.
Xom is highly amused!
The worm is moderately wounded.
The worm bites you!
* * * LOW HITPOINT WARNING * * *
You take 8 damage, and have 1/19 hp.
MASSIVE DAMAGE!!
You catch the helpless worm completely off-guard!
You puncture the worm! You drain the worm!
You kill the worm!
You start resting.
A goblin comes into view. It is wielding a dagger.
You regained 4 hp, and now have 5/19 hp.
Wield which item (- for none, * to show all)? (? for menu, Esc to quit)
Okay, then.
You strike the helpless goblin from behind!
You puncture the goblin!
You kill the goblin!
Your Stealth skill increases to level 2!
d - 2 viscous silvery potions
Things that are here:
a dagger; a goblin corpse
g - a dagger Wield which item (- for none, * to show all)? (? for menu, Esc to quit)
g - a +0 dagger (weapon)
Adjust (i)tems, (s)pells, or (a)bilities?
Adjust which item? (? for menu, Esc to quit)
g - a +0 dagger (weapon)
Adjust to which letter? (? for menu, Esc to quit)
w - a +0 dagger (weapon)
Your +0 short sword of chaos is briefly surrounded by a scintillating aura of random colours.
a - a +0 short sword of chaos (weapon)
You start resting.
Xom's generous nature manifests itself.
Something appears at your feet!
You regained 11 hp, and now have 17/19 hp.
g - a blue potion {god gift} You aren't carrying any spellbooks or scrolls.
HP restored.
m - a scroll labeled SOMOYM XIXEE Health restored: 19
As you read the scroll labeled SOMOYM XIXEE, it crumbles to dust.
It is a scroll of enchant armour.
Your +1 hat glows green for a moment.
Found a dagger.
Found an escape hatch in the floor.
You now have 87 gold pieces (gained 7).
A gnoll comes into view. It is wielding a spear.
Found 21 stones.
Unknown command.
A gnoll comes into view. It is wielding a flail.
A gnoll comes into view. It is wielding a club.
The gnoll shouts! x3; You hear an angry hiss.
Xom's power flows through you!
Malign forces permeate your being, awaiting release.
The gnoll hits you from afar with a spear!
You take 8 damage, and have 11/19 hp.
MASSIVE DAMAGE!!
The gnoll hits you but does no damage.
You hit the gnoll but do no damage. The gnoll misses you.
You hit the gnoll.
The gnoll is lightly wounded.
The gnoll hits you with a spear.
You take 1 damage, and have 10/19 hp.
You hit the gnoll.
The gnoll is poisoned.
The gnoll is moderately wounded.
You hit the gnoll. Lightning courses through the gnoll!
You kill the gnoll!
A glowing mist starts to gather...
You hit the gnoll but do no damage. The gnoll misses you.
You hit the gnoll.
You feel better.
The gnoll is lightly wounded.
Your spectral gnoll barely misses the gnoll.
The gnoll hits you with a flail!
* * * LOW HITPOINT WARNING * * *
You take 8 damage, and have 3/19 hp.
MASSIVE DAMAGE!!
You hit the gnoll.
The gnoll seems to speed up.
Xom is highly amused!
The gnoll is lightly wounded.
Your spectral gnoll hits the gnoll.
The gnoll hits you with a flail!
Ouch! That really hurt!
You die...
Xom roars with laughter!

,,,,,,,,,,................####..#
,,,,,,,,,,.......................
,,,,,,,,,,.............#..#**##..
,,,**,,,,,,..............#######.
*****,*,,*****#.........##.......
*,*,,######.>..........######
*,*,,#...............#.....##
*,,,,......#.####.########...
*,,,,.####*#@# #......).....
*,,,,,* #g# #########.... ##
*,,,,** *#g#***** #.... .# *,,,,*
#..Z....# #..#. .# *,<,,*
#.......#*****#..#. .# *,,,,*
#....g....,,,,...## .#####..**
#...(.....,,,....*
.g......******#.........,,,,,,**
.###....,,,,,,..........,,,,,,***


You could see 2 gnolls and a friendly spectral gnoll.

Vanquished Creatures
  A gnoll (D:2)
  2 worms (D:2)
  2 dart slugs
  2 leopard geckos (D:1)
  A giant cockroach (D:1)
  7 goblins
  3 hobgoblins
  4 jackals (D:1)
  A kobold (D:2)
  3 bats (D:1)
  2 frilled lizards (D:1)
  5 rats
33 creatures vanquished.

Vanquished Creatures (collateral kills)
  A dart slug (D:1)
1 creature vanquished.

Grand Total: 34 creatures vanquished

Notes
Turn   | Place    | Note
-------+----------+-------------------------------------------
     0 | D:1      | Monsterracer the Spriggan Chaos Knight began the quest for the Orb.
     0 | D:1      | Reached XP level 1. HP: 11/11 MP: 2/2
    40 | D:1      | XOM: harmless Summ miscast
   169 | D:1      | Reached skill level 1 in Stealth
   169 | D:1      | Reached XP level 2. HP: 9/16 MP: 3/3
   336 | D:1      | XOM: cloud trail
   395 | D:1      | HP: 6/16 [hobgoblin (3)]
   415 | D:1      | HP: 4/16 [jackal (2)]
   420 | D:1      | HP: 3/16 [jackal (1)]
   481 | D:1      | XOM: divination: detect items
   687 | D:1      | XOM: 2-stop teleportation journey
  1036 | D:1      | Reached XP level 3. HP: 19/19 MP: 4/4
  1303 | D:2      | Found an opulent altar of Gozag.
  1303 | D:2      | Found Gozag's Platinum Reserve.
  1343 | D:2      | XOM: 1-stop teleportation journey
  1378 | D:2      | HP: 7/19 [worm (8)]
  1415 | D:2      | HP: 1/19 [worm (8)]
  1690 | D:2      | XOM: god gift: blue potion {god gift}
  1744 | D:2      | XOM: cast spell 'Death Channel'
  1758 | D:2      | HP: 3/19 [gnoll/flail (9)]
  1759 | D:2      | Mangled by a gnoll

Skill      XL: |  1  2  3 |
---------------+----------+-----
Stealth        | 1 2 |  2.1
Dodging        | 4 |  4.2
Short Blades   | 4 |  4.1
Fighting       | |  2.7
Slings         | |  0.3

Action                   || total
-------------------------++-------
Melee: Short sword       ||   101
       Dagger            ||    36
  Use: Scroll            ||     6
 Stab: Sleeping          ||     2
       Invisible         ||     3
       Paralysed         ||     3
       Distracted        ||     1
       Confused          ||     1
Armor: Robe              ||    14
Dodge: Dodged            ||    91

Vault maps used:
D:1:      dpeg_arrival_radiant
D:2:      fedhas_altar_2, nicolae_gozag_zags_fifth_avenue
